 Dungeon Crawl Stone Soup version 0.27-a0-1071-ga85bd9520d (webtiles) character file.

Game seed: 6940513386766844799

56 wakim the Insei (level 3, -6/24 HPs)
             Began as an Octopode Transmuter on Apr 24, 2021.
             Was a Follower of Cheibriados.
             Killed from afar by Terence (9 damage)
             ... with a puff of flame
             ... on level 2 of the Dungeon.
             The game lasted 00:06:09 (937 turns).

wakim the Insei (Octopode Transmuter)                Turns: 937, Time: 00:06:10

Health: -6/24      AC:  1    Str: 11    XL:     3   Next: 95%
Magic:  3/6        EV: 13    Int: 18    God:    Cheibriados [*.....]
Gold:   48         SH:  0    Dex: 14    Spells: 2/6 levels left

rFire    . . .     SeeInvis .     - Unarmed
rCold    + . .     Faith    .   (no shield)
rNeg     . . .     Spirit   .   (helmet restricted)
rPois    .         Reflect  .   (no amulet)
rElec    .         Harm     .   a - ring of protection from cold
rCorr    .         Rampage  .   (no ring)
Will     .....                  (no ring)
Stlth    +++.......             (no ring)
HPRegen  0.08/turn              (no ring)
MPRegen  0.10/turn              (no ring)
                                (no ring)
                                (no ring)

@: lethally poisoned (-6 -> -11), very slightly contaminated, very slow
A: almost no armour, amphibious, 8 rings, camouflage 1, gelatinous body 1,
(nimble swimmer 1), tentacles
a: Renounce Religion, Bend Time


You were on level 2 of the Dungeon.
You worshipped Cheibriados.
Cheibriados was aware of your devotion.
You visited 1 branch of the dungeon, and saw 2 of its levels.

You collected 48 gold pieces.

Inventory:

Jewellery
 a - a ring of protection from cold (left tentacle)
Potions
 b - a potion of curing {unknown}
 J - a potion of heal wounds
 K - a potion of magic


   Skills:
 + Level 1.8 Fighting
 - Level 2.0 Dodging
 * Level 3.0 Stealth
 * Level 3.7 Unarmed Combat
 - Level 2.0 Spellcasting
 - Level 2.0 Transmutations


You had 2 spell levels left.
You knew the following spells:

 Your Spells              Type           Power      Damage    Failure   Level
a - Beastly Appendage     Tmut           18%        N/A       8%          1
x - Spider Form           Tmut/Pois      2%         N/A       34%         3

Your spell library contained the following spells:

 Spells                   Type           Power      Damage    Failure   Level
 Wereblood                Tmut           9%         N/A       12%         2
 Ice Form                 Ice/Tmut       5%         N/A       75%         4
 Hydra Form               Tmut           4%         N/A       91%         5


Dungeon Overview and Level Annotations

Branches:
Dungeon (2/15)

Altars:
Cheibriados

Annotations:
D:2 Terence


Innate Abilities, Weirdness & Mutations

You cannot wear most types of armour.
You are amphibious.
You can wear up to eight rings at the same time.
Your skin changes colour to match your surroundings (Stealth+).
Your rubbery body absorbs attacks. (AC +1, EV +1)
((You are camouflaged near water. (Stealth+)))
You have tentacles for arms and can constrict up to eight enemies at once.


Message History

a - a ring of protection from cold Your transformation is almost over.
Unknown command.
a - a ring of protection from cold (left tentacle)
You now have 41 gold pieces (gained 14).
Your tentacle spike disappears.
Found 4 gold pieces.
An adder comes into view.
Casting: Beastly Appendage (safe; 8% risk of failure)
Confirm with . or Enter, or press ? or * to list all spells.
The spell is extremely dangerous to cast (34% risk of failure)!
Continue anyway?
You turn into a venomous arachnid creature.
Your transformation is almost over.
You hit the adder.
The adder is poisoned.
The adder is moderately wounded.
The adder barely misses you.
You bite the adder!
You kill the adder!
Cheibriados appreciates the change of pace.
Your Stealth skill increases to level 3!
b - a white potion You see here an adder corpse.
Your transformation has ended.
You now have 48 gold pieces (gained 7).
Terence the Incautious comes into view.
He is wielding a +0 mace and carrying a wand of flame (13).
Terence shouts!
Terence hits you with a +0 mace!
Casting: Spider Form (extremely dangerous; 34% risk of failure)
Confirm with . or Enter, or press ? or * to list all spells.
The spell is extremely dangerous to cast (34% risk of failure)!
Continue anyway?
You miscast Spider Form.
You are very lightly contaminated with residual magic.
You feel odd!
You are poisoned.
* * * LOW HITPOINT WARNING * * *
* * * LOW HITPOINT WARNING * * *
You feel sick.
Terence zaps a wand.
The puff of flame hits you!
You die...

#.......#.###
########...# #...#
#...# ##
############...##
#.#
#.#.#.#...†......
#.#
#.#.#.#.........
#.###.###..........
#@#.#.#.#.###...##
#@#.#.#.#..# #...#
############ #...#
#...# #.##


You could see Terence.

Vanquished Creatures
  An adder (D:2)
  3 dart slugs
  4 ball pythons (D:1)
  5 endoplasms (D:1)
  2 giant cockroaches (D:1)
  4 hobgoblins (D:1)
  3 jackals (D:1)
  2 quokkas (D:1)
  4 bats
  A frilled lizard (D:1)
  4 kobolds
  3 rats
36 creatures vanquished.

Notes
Turn   | Place    | Note
-------+----------+-------------------------------------------
     0 | D:1      | wakim the Octopode Transmuter began the quest for the Orb.
     0 | D:1      | Reached XP level 1. HP: 13/13 MP: 3/3
   121 | D:1      | Reached skill level 1 in Stealth
   138 | D:1      | Reached XP level 2. HP: 14/18 MP: 3/5
   298 | D:1      | Reached XP level 3. HP: 23/23 MP: 4/6
   333 | D:1      | Learned a level 3 spell: Spider Form
   660 | D:1      | Found a faded altar of an unknown god.
   683 | D:1      | Became a worshipper of Cheibriados the Contemplative
   683 | D:1      | Reached * piety under Cheibriados
   936 | D:2      | Noticed Terence
   937 | D:2      | Killed from afar by Terence

Illustrated notes

Levels and vault maps discovered:
D:1:      lightli_arrival_lavapool, layout_basic, ebering_ecumenical_altar_box
D:2:      layout_loops_cross, basic_altar, roderic_roman_lattice,
          minmay_tetromino_i4, uniq_terence

Skill      XL: |  1  2  3 |
---------------+----------+-----
Stealth        | 1 2 3 |  3.0
Fighting       | |  1.8
Dodging        | |  2.0
Unarmed Combat | |  3.7
Spellcasting   | |  2.0
Transmutations | |  2.0

Action                   || total
-------------------------++-------
Melee: Unarmed           ||    68
       Constrict         ||    16
       Kick              ||    17
       Tentacles         ||     8
       Punch             ||     2
 Cast: Beastly Appendage ||    27
       Spider Form       ||     1
  Use: Scroll            ||     3
 Stab: Sleeping          ||     3
Armor: Skin              ||     7
Dodge: Dodged            ||    42

Table legend: (Time is in decaauts)
 A = Elapsed time spent in this place.
 B = Non-inter-level travel time spent in this place.
 C = Inter-level travel time spent in this place.
 D = Time resting spent in this place.
 E = Time spent auto-exploring this place.
 F = Levels seen in this place.
 G = Mean time per level.
                   A        B        C        D        E       F      G
               +--------+--------+--------+--------+--------+-----+--------+
         Total |    983 |    954 |     29 |     85 |    489 |   2 |  491.5 |
       Dungeon |    983 |    954 |     29 |     85 |    489 |   2 |  491.5 |
               +--------+--------+--------+--------+--------+-----+--------+

Top non-repeatable levels by time:
     D:1: 717 daAuts
     D:2: 266 daAuts
